 Dungeon Crawl Stone Soup version 0.28.0-43-g3370ac3207 (webtiles) character file.

Game seed: 15622823225251931876

179 sanboga the Skirmisher (level 5, -8/33 HPs)
             Began as a Gargoyle Fighter on Mar 1, 2022.
             Killed from afar by a steam dragon (12 damage)
             ... with a ball of steam
             ... on level 4 of the Dungeon.
             The game lasted 00:04:17 (2776 turns).

sanboga the Skirmisher (Gargoyle Fighter)           Turns: 2776, Time: 00:04:18

Health: -8/33      AC: 13    Str: 34    XL:     5   Next: 59%
Magic:  5/5        EV:  8    Int:  8    God:
Gold:   96         SH:  4    Dex:  9    Spells: 4/4 levels left

rFire   . . .      SeeInvis .   a - +0 war axe
rCold   . . .      Faith    .   c - +0 buckler
rNeg    + . .      Spirit   .   f - +0 chain mail
rPois   ∞          Reflect  .   (no helmet)
rElec   +          Harm     .   (no cloak)
rCorr   .          Rampage  .   (no gloves)
Will    .....                   (no boots)
Stlth   ..........              (no amulet)
HPRegen 0.11/turn               m - +6 ring of strength
MPRegen 0.09/turn               p - +6 ring of strength

@: mighty
A: sickness immunity, AC +4, negative energy resistance 1, electricity
resistance, torment resistance 1, petrification resistance
a: no special abilities


You were on level 4 of the Dungeon.
You visited 1 branch of the dungeon, and saw 4 of its levels.

You collected 96 gold pieces.

Inventory:

Hand Weapons
 a - a +0 war axe (weapon)
Armour
 c - a +0 buckler (worn)
 f - a +0 chain mail (worn)
Jewellery
 m - a +6 ring of strength (left hand)
 p - a +6 ring of strength (right hand)
Scrolls
 b - a scroll of blinking {unknown}
 g - a scroll of fog {unknown}
 i - a scroll of holy word {unknown}
 j - a scroll of teleportation {unknown}
 k - a scroll of brand weapon {unknown}
 o - a scroll of torment {unknown}
Potions
 e - 2 potions of curing {unknown}
 h - a potion of degeneration {unknown}
 l - a potion of resistance {unknown}
 n - a potion of lignification {unknown}


   Skills:
 + Level 4.2 Fighting
 * Level 3.4 Axes
 + Level 4.2 Armour
 + Level 4.1 Shields


You had 4 spell levels left.
You didn't know any spells.
Your spell library was empty.

Dungeon Overview and Level Annotations

Branches:
Dungeon (4/15)
 Temple: D:4-7

Altars:
Beogh


Innate Abilities, Weirdness & Mutations

You are immune to sickness and miasma.
Your stone body is resilient. (AC +4)
You are immune to poison.
You resist negative energy. (rN+)
You are resistant to electric shocks. (rElec)
You are resistant to unholy torment.
You are immune to petrification.


Message History

The steam dragon claws you but does no damage.
The black bear is engulfed in a cloud of scalding steam.
A hobgoblin comes into view.
You closely miss the steam dragon.
The steam dragon is severely wounded.
You slash the black bear! The black bear bites you.
The black bear barely misses you.
The black bear claws you but does no damage.
The steam dragon bites you but does no damage.
The steam dragon claws you but does no damage.
The black bear bites you but does no damage.
The black bear barely misses you. The black bear completely misses you.
The steam dragon bites you! The steam dragon barely misses you.
You slash the black bear!
The black bear is almost dead.
You hit the steam dragon.
The black bear goes berserk!
The steam dragon closely misses you.
The steam dragon claws you but does no damage.
You barely miss the black bear.
The black bear is severely wounded.
You closely miss the steam dragon.
The black bear bites you but does no damage.
You block the black bear's attack. The black bear misses you.
The steam dragon bites you. The steam dragon barely misses you.
The black bear bites you but does no damage.
The black bear claws you but does no damage. x2
You slash the black bear!
The black bear is almost dead.
You hit the steam dragon. You block the black bear's attack.
The black bear barely misses you. The black bear claws you.
* * * LOW HITPOINT WARNING * * *
The steam dragon closely misses you.
The steam dragon claws you but does no damage.
The black bear barely misses you. The black bear claws you.
* * * LOW HITPOINT WARNING * * *
The black bear claws you but does no damage.
You block the hobgoblin's attack. The steam dragon breathes steam at you.
The ball of steam hits you!
You die...

.# .# #.# .# #.#
##### .# #.#
#...##.#
#.####......#
#..........#####.
#..#.............
#†....)..@g#####.
#.#..#...Dh.#
###.#..#...#..#
#......#####..#
#.#...[.......#
#.###..######.#
#.# #..... .. #.#
#..#### ... #.#
#..#


You could see a steam dragon (catching breath), a black bear (berserk) and a
hobgoblin.

Vanquished Creatures
  A scorpion (D:4)
  A bullfrog skeleton (D:4)
  An adder (D:3)
  4 worms
  A dart slug (D:1)
  7 endoplasms
  3 giant cockroaches
  12 goblins
  8 hobgoblins
  3 jackals (D:2)
  5 kobolds
  4 quokkas
  6 ball pythons
  5 bats
  3 frilled lizards
  5 rats
69 creatures vanquished.

Notes
Turn   | Place    | Note
-------+----------+-------------------------------------------
     0 | D:1      | sanboga the Gargoyle Fighter began the quest for the Orb.
     0 | D:1      | Reached XP level 1. HP: 14/14 MP: 1/1
   131 | D:1      | Reached XP level 2. HP: 18/19 MP: 2/2
   682 | D:1      | Found a faded altar of an unknown god.
  1008 | D:2      | Reached XP level 3. HP: 18/23 MP: 3/3
  1678 | D:2      | Reached XP level 4. HP: 29/29 MP: 4/4
  2648 | D:4      | Reached XP level 5. HP: 31/33 MP: 5/5
  2765 | D:4      | Noticed a steam dragon
  2771 | D:4      | Noticed a black bear
  2776 | D:4      | Killed from afar by a steam dragon

Illustrated notes

Levels and vault maps discovered:
D:1:      wander_arrival_estate, layout_basic,
          hellmonk_ecumenical_altar_defaced_shrine, serial_co_window_serial,
          co_window_corner_a, co_window_paths_b, co_window_paths_a,
          co_window_corner_a, co_window_paths_a, co_window_of_opportunity_b,
          co_window_unsneaky_path_d, co_window_2corner, co_window_corner_ca,
          co_window_broadway_b, co_window_paths_e, glass_columns_a,
          chequers_serial_rivers_micro_e
D:2:      layout_basic, minmay_goblin_outpost
D:3:      layout_rooms, minmay_misc_feat_tower
D:4:      layout_loops_ring

Skill      XL: |  1  2  3  4 |
---------------+-------------+-----
Axes           | 2 3 |  3.4
Fighting       | 4 |  4.2
Armour         | 4 |  4.2
Shields        | 4 |  4.1

Action                   |  1- 3 |  4- 6 || total
-------------------------+-------+-------++-------
Melee: War axe           |   102 |   105 ||   207
  Use: Scroll            |       |     1 ||     1
       Potion            |       |     1 ||     1
Armor: Scale mail        |     4 |       ||     4
       Chain mail        |    55 |    88 ||   143
Dodge: Dodged            |    33 |    52 ||    85
Block: Buckler           |    18 |    24 ||    42
